AoeStats
← Wolf

MegaRandom

508766564Analyzed
2v2 RM · 7d ago on Sep 24, 2026· 42m 24s· 4 players
Game mode
Random Map
Map size
Medium (4 player)
Population
200
Speed
Normal
Resources
Standard
Victory
Conquest
Starting age
Dark Age
Ending age
Imperial Age
RankedLock teamsTeams togetherTeam positionsShared explorationLock speedFull tech treeHidden civsTurbo modeCheats
Victory
Defeat
🇧🇷 Britons · Brazil
1005
+15
🇧🇷 Magyars · Brazil
871
+20
🇺🇾 Burgundians · Uruguay
974
-18
🇺🇾 Vietnamese · Uruguay
960
-17
Soldado Raso
7:53 Loom
10:08 Feudal Age
10:42 Double-Bit Axe
15:37 Fletching
19:58 Castle Age
20:01 Crossbowman
20:43 Bodkin Arrow
21:24 Medium Warships
25:16 Gold Mining
25:09 Horse Collar
29:13 Ballistics
33:44 Imperial Age
33:55 Padded Archer Armor
34:41 Arbalester
37:18 Chemistry
37:23 Wheelbarrow
40:29 Hand Cart
40:29 Bow Saw
40:21 Heavy Plow
40:33 Cranequins
41:19 Bracer
41:43 Leather Archer Armor
42:19 Conscription
42:45 Yeomen
Bønifáciø
4:13 Loom
7:26 Loom
9:31 Feudal Age
10:11 Double-Bit Axe
10:08 Horse Collar
20:57 Castle Age
20:06 Gold Mining
20:40 Scale Barding Armor
21:19 Bloodlines
21:28 Fletching
22:20 Husbandry
23:06 Bow Saw
26:17 Wheelbarrow
25:55 Town Watch
27:42 Chain Barding Armor
31:05 Hand Cart
31:19 Heavy Plow
32:30 Elite Skirmisher
33:04 Fletching
33:14 Padded Archer Armor
34:46 Leather Archer Armor
34:26 Bodkin Arrow
38:50 Imperial Age
37:13 Gold Shaft Mining
36:29 Stone Mining
37:27 Ballistics
39:33 Cavalier
40:51 Plate Barding Armor
40:17 Bracer
40:48 Ring Archer Armor
41:22 Two-Man Saw
40:56 Crop Rotation
40:19 Stone Mining
40:34 Town Patrol
42:36 Chemistry
Pietroski
0:28 Loom
11:43 Feudal Age
12:15 Double-Bit Axe
12:18 Town Watch
17:03 Fletching
18:30 Horse Collar
28:38 Castle Age
27:35 Stone Mining
29:34 Bodkin Arrow
31:44 Gold Mining
33:55 Padded Archer Armor
41:42 Leather Archer Armor
40:58 Elite Skirmisher
Wolf
12:30 Feudal Age
11:24 Double-Bit Axe
13:01 Town Watch
17:25 Castle Age
15:33 Horse Collar
21:53 Husbandry
22:02 Scale Barding Armor
26:50 Scale Mail Armor
26:33 Pikeman
27:07 Cavalier
28:59 Chain Mail Armor
33:51 Forging
34:50 Squires
38:01 Iron Casting
38:59 Gold Mining
40:15 Wheelbarrow
Connection lost

Rejoining the realm…

Still unreachable

The connection could not be restored.

Session expired

The server has moved on; the page needs a fresh start.